 Dungeon Crawl Stone Soup version 0.17.0-28-g6e173f8 (webtiles) character file.

2694 4thArraOfDagon the Cleaver (level 9, -3/123 HPs)
             Began as a Minotaur Berserker on Nov 24, 2015.
             Was a Priest of Trog.
             Shot with an arrow by a centaur (13 damage)
             ... on level 11 of the Dungeon.
             The game lasted 00:07:24 (1298 turns).

4thArraOfDagon the Cleaver (Minotaur Berserker)     Turns: 1298, Time: 00:07:24

Health: -3/123     AC:  8    Str: 29    XL:     9   Next: 38%
Magic:  17/17      EV: 11    Int:  7    God:    Trog [***...]
Gold:   142        SH:  0    Dex: 10    Spells: 0 memorised, 8 levels left

rFire  . . .     SeeInvis .     a - +0 hand axe
rCold  . . .     Clarity  .     p - +0 ring mail (curse)
rNeg   . . .     SustAt   .     (no shield)
rPois  .         Gourm    .     (helmet restricted)
rElec  .         Spirit   .     f - +0 cloak
rCorr  .         Warding  .     (no gloves)
rMut   .         Stasis   .     (no boots)
MR     ++...                    g - amulet of faith
Stlth  ..........               (no ring)
                                h - ring of magical power

@: berserking, regenerating, very quick, very resistant to hostile enchantments,
extremely unstealthy
A: retaliatory headbutt, horns 2, slow regeneration 1, spit poison 1, strong 1
a: Spit Poison, Berserk, Trog's Hand, Burn Spellbooks, Renounce Religion


You were on level 11 of the Dungeon.
You worshipped Trog.
Trog was most pleased with you.
You were not hungry.

You visited 1 branch of the dungeon, and saw 11 of its levels.

You collected 142 gold pieces.

Inventory:

Hand Weapons
 a - a +0 hand axe (weapon)
Armour
 f - a +0 cloak (worn)
 k - a troll hide {Snorg}
 o - a +3 scale mail
 p - a cursed +0 ring mail (worn)
Jewellery
 g - an amulet of faith (around neck)
 h - a ring of magical power (left hand)
Wands
 i - a wand of draining (10)
Scrolls
 b - 5 scrolls of identify
 e - 2 scrolls of amnesia
 l - a scroll of remove curse {unknown}
 n - a scroll of magic mapping
Comestibles
 c - 4 bread rations
 d - a meat ration
 j - 4 chunks of flesh


   Skills:
 - Level 8.4 Fighting
 * Level 11.3 Axes
 + Level 7.9 Armour
 - Level 2.1 Dodging
 + Level 1.0 Evocations


You had 8 spell levels left.
You didn't know any spells.

Dungeon Overview and Level Annotations

Branches:
Dungeon (11/15)
 Temple: D:4-7         Lair: D:8-11         Orc: D:9-12

Altars:
Fedhas
Lugonu

Annotations:
D:7 Pikel
D:9 exclusion: downstairs
D:10 Sonja
D:11 Fannar


Innate Abilities, Weirdness & Mutations

You reflexively headbutt those who attack you in melee.
You have a pair of horns on your head.
You regenerate slowly when monsters are visible.
You can spit weak poison.
Your muscles are strong. (Str +2)


Message History

You aren't carrying any potions.
A red film seems to cover your vision as you go berserk!
You feel yourself moving faster!
You feel mighty!
You feel somewhat more hungry. Fannar hits you but does no damage.
The centaur barely misses you. The crocodile bites you! The troll bites you!
* * * LOW HITPOINT WARNING * * *
The troll claws you!
* * * LOW HITPOINT WARNING * * *
The troll claws you but does no damage. Fannar hits you but does no damage.
The centaur misses you.
Unknown command.
Unknown command.
Unknown command.
You feel a strong urge to attack something.
The troll bites you.
* * * LOW HITPOINT WARNING * * *
The troll closely misses you. The troll barely misses you.
The centaur wields an uncursed shortbow.
The centaur shoots an arrow.
The arrow hits you!
You die...

#.#.......#.#
.##.#..........
.......9........
.................
##...#.#..........
.................
#.......ce......
#....#..t[Y#
#....#.@T..#
###.....(.<..#
.......(.....#
###....#.....#
#....#.....#
#....#.....#
#..........#
#....#.#...#
#....#.#..##


You could see Fannar, a troll, a crocodile, a gargoyle, an ice beast and a
centaur.

Vanquished Creatures
  Snorg (D:10)
  A hill giant (D:10)
  A deep elf mage (D:10)
  Grum (D:9)
  3 wolves (D:9)
  A hungry ghost (D:10)
  A necrophage (D:9)
  2 ogres
  A giant frog (D:10)
  2 hounds (D:9)
  3 orc priests
  Ijyb (D:2)
  Terence (D:2)
  An orc wizard (D:4)
  A gnoll (D:7)
  4 adders
  3 giant geckos
  8 orcs
  8 goblins
  3 hobgoblins
  5 jackals
  2 kobolds (D:2)
  2 ball pythons
  7 bats
  3 giant newts
  A quokka (D:2)
  2 rats
69 creatures vanquished.

Notes
Turn   | Place    | Note
--------------------------------------------------------------
     0 | D:1      | 4thArraOfDagon the Minotaur Berserker began the quest for the Orb.
     0 | D:1      | Reached XP level 1. HP: 19/19 MP: 0/0
    35 | D:1      | Reached skill level 4 in Axes
    40 | D:1      | Reached XP level 2. HP: 13/27 MP: 1/1
   199 | D:2      | Noticed Ijyb
   202 | D:2      | Reached ** piety under Trog
   202 | D:2      | Reached XP level 3. HP: 23/33 MP: 2/2
   209 | D:2      | Killed Ijyb
   209 | D:2      | Reached skill level 5 in Axes
   209 | D:2      | Reached XP level 4. HP: 25/40 MP: 3/3
   260 | D:2      | Noticed Terence
   282 | D:2      | Killed Terence
   419 | D:3      | Reached XP level 5. HP: 47/47 MP: 4/4
   424 | D:3      | Reached skill level 6 in Axes
   554 | D:5      | Entered Level 5 of the Dungeon
   559 | D:5      | Noticed an ogre
   574 | D:5      | bye
   577 | D:5      | Gained mutation: Your muscles are strong. (Str +2) [potion of mutation]
   577 | D:5      | Gained mutation: You regenerate slowly when monsters are visible. [potion of mutation]
   577 | D:5      | Gained mutation: You can spit weak poison. [potion of mutation]
   595 | D:4      | Killed an ogre
   595 | D:4      | Reached skill level 5 in Fighting
   595 | D:4      | Reached XP level 6. HP: 29/56 MP: 5/5
   598 | D:4      | Reached *** piety under Trog
   769 | D:7      | Found a blossoming altar of Fedhas.
   834 | D:7      | Noticed Pikel
   841 | D:8      | You fall through a shaft!
   869 | D:9      | Reached skill level 7 in Axes
   870 | D:9      | Reached XP level 7. HP: 62/62 MP: 6/6
   912 | D:10     | Entered Level 10 of the Dungeon
   912 | D:10     | Noticed Sonja
   920 | D:9      | Noticed a wolf
   921 | D:9      | Noticed Grum
   921 | D:9      | Noticed a wolf
   929 | D:9      | Noticed a wolf
   935 | D:9      | Killed a wolf
   935 | D:9      | Reached skill level 5 in Armour
   935 | D:9      | Killed a wolf
   935 | D:9      | Reached skill level 8 in Axes
   935 | D:9      | Killed a wolf
   941 | D:9      | Killed Grum
   941 | D:9      | Reached XP level 8. HP: 50/71 MP: 7/7
   993 | D:10     | Noticed a hill giant
  1002 | D:10     | Killed a hill giant
  1002 | D:10     | Reached skill level 9 in Axes
  1077 | D:10     | fuck
  1086 | D:10     | Reached skill level 10 in Axes
  1134 | D:10     | Noticed Snorg
  1145 | D:10     | Killed Snorg
  1145 | D:10     | Reached skill level 11 in Axes
  1145 | D:10     | Reached XP level 9. HP: 82/82 MP: 8/8
  1177 | D:10     | Noticed a hell beast
  1178 | D:10     | Noticed an orange demon
  1178 | D:10     | Noticed an orange demon
  1180 | D:10     | Found a corrupted altar of Lugonu.
  1219 | D:10     | Reached skill level 1 in Evocations
  1292 | D:11     | Noticed Fannar
  1297 | D:11     | Noticed a gargoyle
  1298 | D:11     | Shot with an arrow by a centaur

Action                   |  1- 3 |  4- 6 |  7- 9 || total
-------------------------+-------+-------+-------++-------
Melee: Hand axe          |    33 |    74 |    51 ||   158
Throw: Throwing net      |       |       |     1 ||     1
Invok: Berserk           |     1 |     4 |     5 ||    10
       Trog's Hand       |       |     2 |     5 ||     7
  Use: Potion            |       |     3 |     1 ||     4
       Scroll            |       |     4 |     1 ||     5
 Stab: Held in net/web   |       |       |     1 ||     1
  Eat: Chunk             |       |     4 |     5 ||     9
       Royal jelly       |       |       |     2 ||     2
